Map: Deathaura LE

Players

seRRal - Winner!

  • Race: Zerg Zerg
  • Spawn Location: 5:00

Zoun

  • Race: Protoss Protoss
  • Spawn Location: 11:00

Event: StayAtHome Story Cup #3

VOD

Have the link to the VOD?

Description

Time

  • Played on: March 14, 2021, 9:52 a.m.
  • Length: 19:15

All games in this series

Show
View Real Time Build Order
Export as new Build Order

seRRal Zerg - Winner!

Build Orders: Hatch First, Brood Lord Corruptor 

Get SALT Encoding   

  12  0:01  Drone  
  13  0:12  Overlord  
  13  0:16  Drone  
  14  0:31  Drone x2  
  16  0:49  Hatchery  
  15  0:51  Drone  
  15  0:54  Drone  
  17  0:57  Drone  
  18  1:10  Extractor  
  17  1:14  Spawning Pool  
  17  1:18  Drone  
  17  1:21  Drone  
  18  1:28  Drone  
  19  1:39  Drone  
  20  1:50  Overlord  
  20  2:01  Queen x2, Zergling x4  
  26  2:11  Metabolic Boost  
  26  2:12  Drone  
  26  2:13  Drone  
  28  2:22  Drone  
  29  2:23  Drone  
  30  2:34  Drone x2  
  32  2:41  Hatchery  
  31  2:46  Queen  
  33  2:51  Overlord  
  33  2:54  Drone  
  33  2:56  Drone  
  35  2:58  Drone  
  36  3:10  Drone x4  
  36  3:12  Drone  
  41  3:15  Queen  
  41  3:19  Overlord  
  43  3:23  Overlord  
  43  3:27  Overlord  
  43  3:37  Queen  
  43  3:39  Drone  
  43  3:41  Drone x2  
  48  3:44  Drone  
  48  3:45  Drone, Zergling x2  
  51  3:50  Drone x2  
  51  3:53  Zergling x2  
  51  3:55  Drone x3  
  57  4:00  Spore Crawler  
  57  4:02  Spore Crawler  
  55  4:05  Zergling x2  
  55  4:06  Queen  
  55  4:08  Drone x2  
  60  4:12  Drone  
  60  4:16  Overlord  
  60  4:18  Zergling x2  
  60  4:20  Drone x3  
  64  4:24  Drone  
  64  4:26  Overlord  
  64  4:28  Overlord  
  64  4:30  Lair  
  65  4:35  Drone  
  65  4:36  Drone x2, Baneling Nest  
  67  4:44  Extractor x2  
  65  4:48  Zergling x2  
  65  4:49  Drone x3, Overlord  
  65  4:50  Drone x3  
  72  4:52  Spore Crawler  
  72  4:55  Drone x4  
  72  4:57  Extractor  
  72  4:58  Drone  
  75  5:01  Drone  
  76  5:07  Drone  
  76  5:09  Drone  
  78  5:14  Drone x2  
  78  5:19  Extractor  
  78  5:20  Extractor  
  77  5:23  Drone x5  
  77  5:25  Zergling x4  
  77  5:28  Drone x5, Evolution Chamber  
  89  5:34  Queen x3  
  94  5:36  Overseer  
  94  5:38  Hydralisk Den  
  94  5:41  Drone x3  
  96  5:45  Zergling x2  
  96  5:49  Hatchery  
  96  5:50  Overlord  
  96  5:54  Zergling x2, Overlord  
  96  5:55  Zergling x2  
  96  5:57  Zerg Missile Weapons Level 1  
  97  6:00  Overseer  
  96  6:07  Drone x2  
  96  6:09  Overlord, Muscular Augments  
  98  6:15  Drone, Overlord  
  98  6:16  Drone x7  
  98  6:17  Centrifical Hooks  
  106  6:21  Drone  
  106  6:22  Drone x2  
  109  6:31  Drone x5  
  114  6:33  Overlord  
  114  6:35  Infestation Pit  
  113  6:43  Overlord  
  113  6:46  Hydralisk  
  113  6:47  Hydralisk x4  
  113  6:52  Extractor x2  
  121  6:56  Overlord  
  121  6:59  Hydralisk x3  
  127  7:04  Hydralisk x2  
  130  7:09  Drone x2  
  130  7:11  Hatchery  
  130  7:12  Hive  
  131  7:16  Drone x3  
  131  7:20  Grooved Spines  
  131  7:21  Hydralisk x4  
  140  7:26  Drone x2, Evolution Chamber  
  140  7:31  Drone, Spore Crawler  
  140  7:32  Overlord  
  140  7:34  Overlord  
  140  7:35  Pneumatized Carapace  
  140  7:36  Spire  
  139  7:40  Hydralisk x2  
  143  7:44  Overseer, Overlord  
  143  7:45  Overseer  
  143  7:49  Drone  
  144  7:52  Zerg Melee Weapons Level 1, Overlord, Zerg Ground Armor Level 1  
  144  7:55  Drone x5  
  144  7:58  Drone x4  
  151  8:04  Overlord  
  151  8:05  Overlord  
  152  8:08  Zergling x12  
  152  8:09  Zergling x2  
  158  8:13  Extractor x2  
  156  8:24  Ultralisk Cavern, Spire, Viper x3  
  163  8:31  Viper  
  166  8:42  Zergling x24  
  178  8:49  Zergling x4  
  178  8:50  Hatchery, Zergling x4  
  178  8:52  Greater Spire, Overlord  
  178  8:54  Overlord  
  178  8:55  Overlord  
  181  8:58  Overseer  
  185  9:11  Overlord x2, Chitinous Plating  
  185  9:14  Ultralisk x3  
  199  9:17  Spore Crawler  
  199  9:20  Spine Crawler  
  199  9:21  Spine Crawler  
  196  9:24  Spine Crawler  
  196  9:30  Spore Crawler, Ultralisk  
  192  9:47  Zerg Ground Armor Level 2, Zerg Melee Weapons Level 2, Overseer  
  192  9:48  Adrenal Glands, Zerg Flyer Weapons Level 1  
  192  9:49  Drone  
  192  9:50  Drone x8  
  200  10:00  Spore Crawler x2  
  200  10:01  Spore Crawler  
  200  10:05  Pathogen Glands, Zerg Flyer Armor Level 1  
  200  10:06  Burrow  
  197  10:07  Drone x2  
  197  10:08  Drone  
  197  10:09  Spore Crawler  
  197  10:13  Spore Crawler  
  198  10:19  Drone  
  198  10:20  Drone  
  198  10:21  Spore Crawler x2  
  198  10:29  Drone x2  
  198  10:30  Anabolic Synthesis  
  198  10:34  Spore Crawler x3  
  198  10:35  Spore Crawler x2  
  196  10:37  Spore Crawler  
  196  10:38  Spore Crawler  
  196  10:39  Spore Crawler  
  189  10:43  Ultralisk  
  189  10:48  Corruptor x2  
  189  10:49  Corruptor x5  
  198  10:56  Drone  
  199  11:04  Corruptor  
  197  11:12  Extractor  
  197  11:13  Extractor  
  197  11:15  Corruptor x3  
  197  11:16  Spore Crawler  
  198  11:24  Corruptor x2  
  184  11:40  Corruptor x8  
  184  11:46  Brood Lord  
  200  11:56  Spore Crawler  
  200  11:57  Spore Crawler x2  
  197  12:08  Brood Lord x3  
  199  12:21  Spine Crawler, Corruptor x3  
  199  12:22  Spine Crawler  
  199  12:24  Spine Crawler x2, Zerg Flyer Weapons Level 2  
  199  12:25  Zerg Flyer Armor Level 2  
  197  12:54  Overseer x2  
  185  13:09  Corruptor x3  
  189  13:12  Brood Lord  
  189  13:13  Brood Lord x3  
  189  13:15  Corruptor x3  
  199  13:27  Drone  
  200  13:38  Zerg Melee Weapons Level 3, Zerg Ground Armor Level 3  
  188  14:10  Zergling x24  
  185  14:47  Zergling x24  
  185  14:48  Zergling x8  
  185  14:49  Zergling x2  
  185  14:50  Zergling x4  
  195  15:10  Baneling x10  
  193  15:18  Zergling x4  
  193  15:19  Zergling x12  
  197  15:24  Drone x5  
  197  15:26  Zergling x22  
  198  15:39  Hatchery  
  196  15:48  Zerg Flyer Weapons Level 3  
  196  15:49  Zerg Flyer Armor Level 3  
  196  15:50  Corruptor x2  
  196  15:54  Hatchery  
  199  16:16  Unknown  
  198  16:18  Unknown  
  197  16:28  Brood Lord  
  192  16:42  Infestor x5  
  192  16:43  Infestor  
  199  16:52  Drone x16  
  193  16:55  Overseer  
  193  16:57  Zergling x14  
  199  17:08  Spine Crawler  
  199  17:11  Spore Crawler  
  199  17:14  Brood Lord  
  198  17:29  Corruptor x2  
  198  17:43  Drone x3  
  198  17:44  Drone  
  192  17:59  Spore Crawler  
  192  18:00  Spore Crawler  
  192  18:02  Brood Lord x3  
  192  18:03  Corruptor  
  192  18:04  Corruptor x2  
  197  18:24  Overseer  
  197  18:25  Zergling x4  
  199  18:29  Overseer x2  
  199  18:36  Hatchery  
Show
View Real Time Build Order
Export as new Build Order

Zoun Protoss 

Build Orders: 1 Gate Expand, Oracle Opening, Carriers 

Get SALT Encoding   

  12  0:00  Probe  
  13  0:12  Probe  
  14  0:18  Pylon  
  14  0:24  Probe (Chrono Boost)  
  15  0:37  Probe (Chrono Boost)  
  15  0:39  Gateway  
  16  0:45  Probe (Chrono Boost)  
  16  0:48  Assimilator  
  17  0:51  Probe  
  18  1:03  Probe  
  19  1:15  Probe  
  20  1:25  Nexus  
  20  1:35  Cybernetics Core  
  20  1:37  Probe  
  21  1:45  Assimilator  
  21  1:51  Probe  
  22  1:55  Pylon  
  22  2:03  Probe  
  23  2:11  Adept (Chrono Boost)  
  23  2:12  Warp Gate  
  23  2:15  Probe  
  26  2:27  Probe (Chrono Boost)  
  27  2:30  Stargate  
  27  2:34  Adept  
  29  2:37  Probe (Chrono Boost)  
  29  2:39  Probe (Chrono Boost)  
  31  2:47  Probe x2 (Chrono Boost)  
  33  2:52  Probe (Chrono Boost)  
  33  2:53  Probe  
  35  3:02  Gateway  
  35  3:04  Probe, Void Ray (Chrono Boost)  
  36  3:05  Probe  
  37  3:17  Probe, Pylon  
  37  3:18  Probe  
  43  3:21  Adept  
  45  3:29  Probe  
  46  3:35  Probe  
  46  3:39  Oracle (Chrono Boost)  
  50  3:44  Probe, Pylon  
  50  3:47  Probe  
  52  3:55  Nexus  
  52  3:56  Probe  
  52  3:59  Probe  
  54  4:02  Pylon  
  54  4:05  Assimilator  
  54  4:07  Assimilator  
  54  4:08  Probe  
  55  4:13  Probe  
  56  4:20  Probe, Stargate  
  57  4:24  Void Ray  
  57  4:26  Shield Battery  
  61  4:31  Probe  
  61  4:32  Probe  
  63  4:44  Probe  
  63  4:45  Robotics Facility  
  64  4:47  Probe, Forge  
  65  4:54  Pylon  
  65  4:56  Probe (Chrono Boost)  
  65  4:59  Probe (Chrono Boost)  
  67  5:00  Void Ray  
  67  5:03  Void Ray  
  72  5:07  Probe (Chrono Boost)  
  72  5:08  Probe (Chrono Boost)  
  72  5:12  Probe (Chrono Boost)  
  78  5:16  Probe x2 (Chrono Boost)  
  78  5:18  Probe (Chrono Boost)  
  81  5:21  Probe (Chrono Boost)  
  81  5:22  Probe  
  81  5:24  Pylon  
  81  5:26  Probe  
  84  5:29  Protoss Ground Weapons Level 1  
  84  5:33  Probe  
  84  5:34  Robotics Bay  
  85  5:36  Probe  
  85  5:38  Probe  
  85  5:40  Observer, Assimilator  
  85  5:41  Assimilator  
  85  5:42  Pylon  
  88  5:45  Probe  
  89  5:53  Probe x2  
  91  6:00  Gateway x2  
  91  6:01  Gateway x2  
  91  6:02  Probe  
  92  6:05  Probe, Gateway  
  92  6:10  Twilight Council  
  92  6:11  Probe, Void Ray  
  94  6:13  Void Ray  
  94  6:14  Probe  
  99  6:24  Pylon  
  103  6:28  Protoss Air Weapons Level 1  
  103  6:33  Gateway  
  103  6:34  Gateway  
  103  6:36  Gateway  
  103  6:37  Pylon  
  103  6:42  Disruptor (Chrono Boost)  
  103  6:44  Charge (Chrono Boost)  
  106  6:47  Templar Archives  
  106  6:53  Photon Cannon  
  106  6:54  Photon Cannon  
  106  6:56  Void Ray, Nexus  
  106  6:57  Pylon  
  110  7:11  Probe x3, Disruptor (Chrono Boost)  
  110  7:15  Sentry  
  118  7:26  Probe, Protoss Ground Weapons Level 2 (Chrono Boost), Shield Battery  
  118  7:27  Probe x2  
  118  7:28  Photon Cannon  
  121  7:32  Pylon  
  121  7:35  Shield Battery  
  121  7:37  Photon Cannon x2, Disruptor (Chrono Boost)  
  124  7:42  Observer  
  124  7:45  Probe x2  
  126  7:52  Photon Cannon  
  126  7:53  Photon Cannon  
  126  7:55  Photon Cannon  
  126  7:56  Probe, Shield Battery  
  126  7:57  Probe  
  126  7:58  Probe  
  129  8:03  Disruptor (Chrono Boost)  
  132  8:14  Gateway  
  132  8:17  Fleet Beacon  
  132  8:18  Assimilator  
  132  8:20  Photon Cannon  
  132  8:22  Pylon, Assimilator  
  132  8:24  Shield Battery  
  132  8:25  Photon Cannon  
  132  8:28  Photon Cannon  
  132  8:30  Pylon  
  132  8:33  High Templar x4  
  140  8:37  Archon  
  140  8:39  Archon  
  140  8:43  Photon Cannon  
  140  8:51  Immortal  
  140  8:54  Photon Cannon  
  144  8:55  Pylon  
  144  9:00  Pylon, Shield Battery  
  144  9:03  Probe  
  144  9:04  Carrier x2 (Chrono Boost), Psionic Storm  
  144  9:05  Shield Battery  
  144  9:07  Shield Battery  
  157  9:17  High Templar  
  157  9:18  High Templar  
  157  9:19  Zealot x7  
  157  9:20  Zealot  
  177  9:33  Photon Cannon  
  167  9:45  High Templar, Protoss Air Weapons Level 2 (Chrono Boost)  
  167  9:46  High Templar  
  165  9:54  Zealot x8  
  165  9:57  Pylon  
  165  9:58  Carrier (Chrono Boost), Pylon  
  187  10:16  Stargate  
  187  10:19  Carrier (Chrono Boost)  
  193  10:22  Protoss Shields Level 1  
  193  10:23  Probe  
  195  10:28  Observer  
  195  10:37  Pylon  
  195  10:49  Zealot x7  
  195  10:52  Pylon  
  193  10:59  Photon Cannon  
  193  11:00  Photon Cannon  
  193  11:02  Photon Cannon  
  193  11:03  Shield Battery  
  199  11:05  Shield Battery  
  199  11:06  Zealot  
  199  11:07  Nexus  
  199  11:10  Carrier (Chrono Boost)  
  199  11:15  Assimilator  
  187  11:19  Immortal (Chrono Boost)  
  187  11:20  Photon Cannon  
  187  11:22  Photon Cannon  
  187  11:23  Photon Cannon  
  189  11:25  Robotics Facility  
  189  11:27  Zealot x2  
  189  11:28  Zealot, Robotics Facility  
  193  11:32  Zealot  
  193  11:33  Zealot  
  193  11:35  Observer  
  193  11:37  Shield Battery  
  193  11:39  High Templar x2  
  197  11:42  Zealot  
  197  11:45  Archon  
  195  11:47  Shield Battery  
  195  11:50  Zealot x2  
  192  12:08  Photon Cannon  
  192  12:10  Pylon, Assimilator  
  192  12:12  Protoss Air Weapons Level 3 (Chrono Boost)  
  190  12:23  Photon Cannon, Protoss Shields Level 2  
  190  12:24  Photon Cannon x2  
  190  12:25  Gateway  
  182  12:41  Immortal x2  
  182  12:43  Blink  
  190  12:48  Dark Shrine  
  190  12:57  Tempest x2 (Chrono Boost)  
  200  13:09  Probe  
  195  13:13  Photon Cannon  
  195  13:15  Photon Cannon  
  195  13:16  Photon Cannon  
  195  13:17  Shield Battery  
  195  13:21  Tempest (Chrono Boost)  
  192  13:55  Tempest x2 (Chrono Boost)  
  184  14:11  Tempest (Chrono Boost), Zealot x5  
  194  14:22  Probe x3  
  194  14:23  Unknown, Flux Vanes  
  192  14:25  Pylon  
  192  14:30  Tempest  
  189  14:37  High Templar  
  189  14:38  High Templar x2  
  183  14:44  Tempest  
  171  14:47  Tempest  
  171  14:51  Zealot x7  
  158  15:08  Probe x3  
  158  15:09  Probe  
  159  15:18  Zealot  
  159  15:20  Void Ray x2 (Chrono Boost)  
  160  15:27  High Templar x4, Protoss Shields Level 3 (Chrono Boost)  
  146  15:31  Void Ray (Chrono Boost)  
  146  15:33  Archon  
  146  15:35  Archon  
  154  15:41  High Templar x4  
  160  15:44  High Templar  
  160  15:45  Archon x2  
  160  15:46  Protoss Air Armor Level 1  
  162  16:02  Carrier  
  168  16:18  Dark Templar  
  168  16:19  Dark Templar  
  168  16:26  Oracle  
  168  16:32  Dark Templar x5  
  167  16:35  Probe x4  
  167  16:36  Archon x2  
  161  16:55  Carrier  
  167  17:03  Nexus  
  167  17:06  Pylon  
  163  17:10  Dark Templar  
  160  17:17  Zealot  
  159  17:32  Zealot, Dark Templar x2  
  162  17:42  Probe x3  
  163  17:52  Observer  
  163  17:54  Archon  
  163  17:55  Probe  
  163  17:56  Probe  
  161  18:00  Probe x2  
  161  18:01  Pylon  
  161  18:03  Observer  
  163  18:08  Probe  
  163  18:09  Assimilator  
  164  18:22  Pylon  
  164  18:30  Probe x3  
  164  18:31  Probe  
  168  18:37  Assimilator  
  168  18:39  Dark Templar  
  162  18:49  High Templar x4  
  160  19:01  Archon  
  160  19:02  Archon  
Tags
 
Add a new tag
Caveats
  • Supply blocks, unpowered buildings, or Contaminate may cause inaccurate times.
  • Supply counts are checked every 10 seconds.